Map: Ephemeron LE

Players

Spy - Winner!

  • Race: Zerg Zerg
  • League: Master
  • Spawn Location: 5:00

Skyler

  • Race: Terran Terran
  • League: Grandmaster
  • Spawn Location: 11:00

VOD

Have the link to the VOD?

Description

Time

  • Played on: Sept. 2, 2019, 11:24 p.m.
  • Length: 5:00
Show
View Real Time Build Order
Export as new Build Order

Spy Zerg - Winner!

Build Orders: Pool First, Zergling Baneling 

Get SALT Encoding   

  12  0:01  Drone  
  13  0:12  Overlord  
  13  0:17  Drone  
  14  0:30  Drone x2  
  16  0:36  Drone  
  16  0:40  Extractor  
  16  0:50  Drone  
  16  0:51  Spawning Pool  
  16  0:56  Drone  
  17  1:17  Hatchery  
  16  1:24  Drone  
  17  1:38  Zergling x6  
  20  1:43  Metabolic Boost  
  20  1:54  Queen  
  22  2:03  Overlord  
  22  2:12  Baneling Nest  
  21  2:15  Zergling x2  
  22  2:32  Zergling x2  
  22  2:33  Zergling x4  
  22  2:36  Zergling x2  
  26  2:47  Zergling x4  
  28  2:53  Zergling x2  
  29  3:02  Zergling x6  
  29  3:03  Zergling x2  
  29  3:04  Baneling x4  
  29  3:05  Baneling  
  33  3:09  Baneling x2  
  33  3:22  Zergling x6  
  33  3:46  Zergling x10  
  29  4:06  Zergling x8  
  29  4:07  Zergling x2  
  31  4:21  Zergling x2  
  31  4:22  Baneling, Zergling x2  
  31  4:23  Baneling x5  
  31  4:32  Baneling  
  31  4:33  Baneling  
  31  4:35  Zergling x4  
Show
View Real Time Build Order
Export as new Build Order

Skyler Terran 

Build Orders: Reaper Expand 

Get SALT Encoding   

  12  0:00  SCV  
  13  0:12  SCV  
  14  0:18  Supply Depot  
  14  0:24  SCV  
  15  0:40  Barracks, SCV  
  16  0:44  Refinery  
  16  0:52  SCV  
  17  1:04  SCV  
  18  1:16  SCV  
  19  1:28  Reaper  
  19  1:29  Orbital Command  
  20  1:44  Command Center  
  20  1:55  Barracks  
  20  2:00  SCV  
  21  2:03  Barracks Reactor  
  21  2:11  Supply Depot  
  21  2:13  SCV  
  22  2:24  Factory  
  22  2:28  Refinery  
  22  2:31  SCV  
  23  2:42  Marine x2  
  23  2:43  Barracks Tech Lab, SCV  
  26  2:55  SCV  
  26  2:56  Orbital Command  
  27  3:01  Marine x2  
  27  3:02  Marine  
  29  3:12  Starport  
  29  3:24  Marine x2  
  29  3:26  Bunker  
  30  3:29  Siege Tank, Orbital Command  
  33  3:38  Bunker  
  33  3:46  Marine  
  27  3:49  Marine x2  
  12  4:03  SCV x2  
  11  4:12  Orbital Command  
  9  4:39  Marine  
Tags
 
Add a new tag
Caveats
  • Supply blocks, unpowered buildings, or Contaminate may cause inaccurate times.
  • Supply counts are checked every 10 seconds.